 Dungeon Crawl Stone Soup version 0.16.2-12-gd0ad4c3 (webtiles) character file.

149 gorblad the Conjurer (level 5, -5/25 HPs)
             Began as a Vine Stalker Conjurer on Sept 14, 2015.
             Shot with an arrow by a centaur (12 damage)
             ... on level 3 of the Dungeon.
             The game lasted 00:12:36 (2125 turns).

gorblad the Conjurer (Vine Stalker Conjurer)        Turns: 2125, Time: 00:12:36

Health: -5/25      AC:  3    Str: 11    XL:     5   Next: 31%
Magic:  0/12       EV: 13    Int: 16    God:
Gold:   66         SH:  0    Dex: 14    Spells: 1 memorised, 8 levels left

rFire  . . .     SeeInvis .     h - +1 short sword
rCold  . . .     Clarity  .     a - +0 robe
rNeg   . . .     SustAb   .     (no shield)
rPois  .         Gourm    .     l - +0 helmet
rElec  .         Spirit   +     (no cloak)
rCorr  .         Warding  .     (no gloves)
rMut   .         Stasis   .     (no boots)
MR     .....                    (no amulet)
Stlth  ++........               (no ring)
                                (no ring)

@: very slightly contaminated, not resistant to hostile enchantments, unstealthy
A: fangs 2, regeneration 1, magic shield, antimagic bite, no device heal 3, rot
immunity
a: no special abilities


You were on level 3 of the Dungeon.
You were not hungry.

You visited 1 branch of the dungeon, and saw 3 of its levels.

You collected 66 gold pieces.

Inventory:

Hand weapons
 h - a +1 short sword (weapon)
Armour
 a - a +0 robe (worn)
 l - a +0 helmet (worn)
Scrolls
 b - a scroll of remove curse
 d - 3 scrolls of teleportation
 k - 2 scrolls of identify
Potions
 e - a potion of resistance {unknown}
 g - a potion of poison {unknown}
 i - 2 potions of agility {unknown}
Books
 c - a book of Conjurations

   Spells                             Type                      Level
   a - Magic Dart                     Conjuration                  1
   b - Searing Ray                    Conjuration                  2
   c - Dazzling Spray                 Conjuration/Hexes            3
   d - Fulminant Prism                Conjuration/Hexes            4
   e - Iskenderun's Mystic Blast      Conjuration                  4
   f - Iskenderun's Battlesphere      Conjuration/Charms           5
Comestibles
 f - a bread ration
 j - 2 meat rations
 m - a chunk of flesh


   Skills:
 + Level 1.0 Fighting
 + Level 0.1 Short Blades
 + Level 3.0 Dodging
 + Level 2.7 Stealth
 + Level 0.6 Unarmed Combat
 + Level 2.9 Spellcasting
 + Level 4.7 Conjurations


You had 8 spell levels left.
You knew the following spells:

 Your Spells              Type           Power        Failure   Level  Hunger
a - Magic Dart            Conj           ###.         3%          1    #......


Dungeon Overview and Level Annotations

Branches:
Dungeon (3/15)

Altars:
The Shining One


Innate Abilities, Weirdness & Mutations

You have extremely sharp teeth.
Your natural rate of healing is unusually fast.
When hurt, damage is shared between your health and your magic reserves.
Your bite disrupts and absorbs the magic of your enemies.
Potions and wands cannot restore your health.
You are immune to rotting.


Message History

You miscast Magic Dart.
You are very lightly contaminated with residual magic.
Nothing appears to happen.
A jelly comes into view.
Casting: Magic Dart
Confirm with . or Enter, or press ? or * to list all spells.
Aiming: Magic Dart
Press: ? - help, Shift-Dir - straight line, f/p - centaur
Aim: a centaur, wielding a shortbow (heavily wounded)
The magic dart hits the centaur.
The centaur is heavily wounded.
The centaur shoots an arrow.
The arrow hits you!
* * * LOW HITPOINT WARNING * * *
The centaur shoots an arrow.
The arrow barely misses you.
Casting: Magic Dart
Confirm with . or Enter, or press ? or * to list all spells.
You don't have enough magic to cast that spell.
Unknown command.
The centaur shoots an arrow.
The arrow hits you!
You die...

#..# #.รท# #..# #.(#
#######..#
#.......(##
#.........#######
###.........<..$....
g.......@...#######
###.....(..(#
Jc..#...............
# #..#############
##. #


You could see a centaur and a goblin (wandering).

Vanquished Creatures
  2 orc priests (D:3)
  5 adders
  A worm (D:2)
  2 giant geckos
  An ooze (D:2)
  3 orcs (D:3)
  A ball python (D:2)
  4 hobgoblins
  6 bats
  2 giant cockroaches (D:1)
  4 giant newts
  4 goblins
  6 kobolds
  6 rats
47 creatures vanquished.

Notes
Turn   | Place    | Note
--------------------------------------------------------------
     0 | D:1      | gorblad, the Vine Stalker Conjurer, began the quest for the Orb.
     0 | D:1      | Reached XP level 1. HP: 9/9 MP: 3/3
   280 | D:1      | Reached XP level 2. HP: 8/13 MP: 3/5
   978 | D:2      | Reached XP level 3. HP: 10/17 MP: 2/7
  1117 | D:2      | Found a glowing golden altar of the Shining One.
  1609 | D:3      | Reached XP level 4. HP: 21/21 MP: 7/9
  1820 | D:3      | Reached skill level 1 in Fighting
  1820 | D:3      | Reached XP level 5. HP: 23/25 MP: 6/11
  2118 | D:3      | Noticed a centaur
  2125 | D:3      | Shot with an arrow by a centaur

Action                   |  1- 3 |  4- 6 || total
-------------------------+-------+-------++-------
Melee: Unarmed           |    41 |       ||    41
       Short sword       |    29 |     6 ||    35
 Cast: Magic Dart        |    70 |    40 ||   110
  Use: Scroll            |     3 |     2 ||     5
       Potion            |     2 |       ||     2
  Eat: Bread ration      |     1 |       ||     1
       Chunk             |       |     1 ||     1
